 Dungeon Crawl Stone Soup version 0.29.0-4-gdea44cf6ec (webtiles) character file.

Game seed: 2644487088918325346

344 qw the Chopper (level 6, -8/35 HPs)
             Began as a Tengu Warper on Aug 28, 2022.
             Mangled by a gnoll
             ... wielding a +0 halberd
              (9 damage)
             ... on level 4 of the Dungeon.
             The game lasted 00:00:15 (3565 turns).

qw the Chopper (Tengu Warper)                       Turns: 3565, Time: 00:00:16

Health: -8/35      AC: 12    Str: 14    XL:     6   Next: 58%
Magic:  10/10      EV:  5    Int: 13    God:
Gold:   139        SH:  0    Dex: 13    Spells: 9/9 levels left

rFire   + . .      SeeInvis +   Y - +0 hand axe
rCold   . . .      Faith    .   (no shield)
rNeg    . . .      Spirit   .   b - +1 plate armour of Calculation {Rampage rF+ rCorr}
rPois   .          Reflect  .   (helmet restricted)
rElec   .          Harm     .   (no cloak)
rCorr   +          Rampage  +   (no gloves)
Will    .....      Rage     3%  (boots unavailable)
Stlth   ..........              (no amulet)
HPRegen 0.11/turn               a - ring of see invisible
MPRegen 0.12/turn               (no ring)

@: flying quickly and evasively, unable to read, quick
A: beak, talons 3, nimble flight, berserk 1, high MP 1, inability to read after
injury 1
a: no special abilities


You were on level 4 of the Dungeon.
You visited 1 branch of the dungeon, and saw 4 of its levels.

You collected 139 gold pieces.


Innate Abilities, Weirdness & Mutations

You have a beak for a mouth.
You have claws for feet.
Your magical nature lets you fly swiftly and evasively.
You sometimes lose your temper in combat.
You have an increased reservoir of magic. (+10% MP)
You occasionally lose the ability to read scrolls when taking damage.


   Skills:
 - Level 2.0 Fighting
 + Level 6.2 Axes
 - Level 1.0 Throwing
 - Level 4.1 Armour
 - Level 2.1 Dodging
 - Level 2.0 Spellcasting
 - Level 2.4 Translocations


You had 9 spell levels left.
You didn't know any spells.
Your spell library contained the following spells:

 Spells                   Type           Power      Damage    Failure   Level
 Blink                    Tloc           14%        N/A       100%        2
 Gell's Gravitas          Tloc           7%         N/A       100%        3
 Lesser Beckoning         Tloc           7%         N/A       100%        3
 Teleport Other           Tloc           7%         N/A       100%        3
 Manifold Assault         Tloc           7%         N/A       100%        5

Inventory:

Hand Weapons
 d - a +0 mace
 Y - a +0 hand axe (weapon)
Missiles
 c - a boomerang (quivered)
Armour
 b - the +1 plate armour of Calculation (worn) {Rampage rF+ rCorr}
   (You found it on level 3 of the Dungeon)

   rF:        It protects you from fire.
   rCorr:     It protects you from acid and corrosion.
   Rampage:   It bestows one free step when moving towards enemies.
Jewellery
 a - a ring of see invisible (left hand)
Scrolls
 f - a scroll of identify {unknown}
Potions
 e - 4 potions of curing
 g - a potion of heal wounds {unknown}
 h - a potion of attraction {unknown}

Dungeon Overview and Level Annotations

Branches:
Dungeon (4/15)
 Temple: D:4-7

Altars:


Message History

You start waiting.
A gnoll is nearby!
A gnoll comes into view. It is wielding a +0 halberd.
The gnoll hits you from afar with a +0 spear.
You rampage towards the gnoll!
You slash the gnoll! Your kick misses the gnoll.
The gnoll is heavily wounded.
The gnoll hits you but does no damage.
You hit the gnoll.
The gnoll is severely wounded.
The gnoll hits you but does no damage.
The gnoll hits you from afar with a +0 halberd!
You hit the gnoll but do no damage. Your kick misses the gnoll.
The gnoll is severely wounded.
The gnoll hits you from afar with a +0 halberd.
The gnoll hits you but does no damage.
You completely miss the gnoll. You claw the gnoll.
The gnoll is almost dead.
The gnoll hits you but does no damage.
The gnoll hits you from afar with a +0 halberd.
You feel threatened and lose the ability to read scrolls!
You hit the gnoll.
You kill the gnoll!
The gnoll hits you from afar with a +0 halberd.
You rampage towards the gnoll!
A gnoll comes into view. It is wielding a +0 club.
You barely miss the gnoll.
The gnoll shouts!
You claw the gnoll, but do no damage. You peck the gnoll.
The gnoll is moderately wounded.
The gnoll completely misses you.
You closely miss the gnoll. You peck the gnoll, but do no damage.
The gnoll is moderately wounded.
The gnoll hits you with a +0 halberd.
You hit the gnoll. Your peck misses the gnoll.
The gnoll is heavily wounded.
The gnoll completely misses you.
You hit the gnoll. Your peck misses the gnoll.
The gnoll is severely wounded.
The gnoll hits you with a +0 halberd!
You die...

##. #.# #. #P.P
####.###### #.
##..#####.........# #.
........#.##.##.#.## #.
#.......#.#........####.
#.......#..#............
#...$...#.##..#.#......)
#.$...)...#.............
#......@#..........##.#.
#......g##..........#.#.
######.####.#.......#.#.
.g ........##.#.#. ##.
###.##.####.#.#. #.
#.#.......#... #. #
#.......###. ..
#.####.##### #........


You could see 2 gnolls.

Vanquished Creatures
  Sigmund (D:4)
  A scorpion (D:3)
  A hound (D:3)
  Jessica (D:2)
  A gnoll (D:4)
  A worm (D:3)
  A dart slug (D:2)
  2 orcs
  4 ball pythons
  5 endoplasms
  4 giant cockroaches
  7 goblins
  5 hobgoblins
  3 jackals (D:3)
  4 kobolds
  3 bats
  4 rats
48 creatures vanquished.

Notes
Turn   | Place    | Note
-------+----------+-------------------------------------------
     0 | D:1      | qw the Tengu Warper began the quest for the Orb.
     0 | D:1      | Reached XP level 1. HP: 12/12 MP: 4/4
     0 | D:1      | 0 ||| qw: Version: 0.1-a-89-g26bdef1
     0 | D:1      | 0 ||| qw: Game counter: 2023
     0 | D:1      | 0 ||| qw: Always use a shield: true
     0 | D:1      | 0 ||| qw: God list: Okawaru
     0 | D:1      | 0 ||| qw: Allow faded altars: false
     0 | D:1      | 0 ||| qw: Do Orc after D:15 true
     0 | D:1      | 0 ||| qw: Do second Lair branch before Depths: true
     0 | D:1      | 0 ||| qw: Lair rune preference: random
     0 | D:1      | 0 ||| qw: Plans: Normal
     0 | D:1      | 0 ||| PLANNING D:1-11
   101 | D:1      | Found a faded altar of an unknown god.
   176 | D:1      | Reached XP level 2. HP: 14/17 MP: 6/6
   263 | D:1      | 263 ||| Stepping ~*~*~tactically~*~*~ (stealth).
   268 | D:1      | Reached skill level 3 in Axes
   417 | D:1      | 417 ||| UPGRADING to +0 chain mail.
   427 | D:1      | 427 ||| DROPPING +0 leather armour.
   428 | D:1      | 428 ||| READING scroll labelled HECSY AJAGOBA.
   429 | D:1      | 429 ||| READING scroll labelled SIROIP NATTUEMMY.
   430 | D:1      | 430 ||| DRINKING 3 white potions.
   431 | D:1      | 431 ||| DROPPING scroll of blinking.
   598 | D:2      | 598 ||| Stepping ~*~*~tactically~*~*~ (stealth).
   719 | D:2      | 719 ||| Stepping ~*~*~tactically~*~*~ (hiding).
   874 | D:2      | Reached XP level 3. HP: 21/21 MP: 7/7
  1264 | D:2      | Reached skill level 4 in Axes
  1317 | D:2      | Noticed Jessica
  1320 | D:2      | HP: 4/21 [Jessica/+0 dagger (5)]
  1327 | D:2      | Killed Jessica
  1328 | D:2      | Reached XP level 4. HP: 4/26 MP: 8/8
  1866 | D:2      | 1866 ||| UPGRADING to ring of see invisible.
  1867 | D:2      | 1867 ||| READING scroll labelled OMOTOU MUIVI.
  1971 | D:3      | 1971 ||| Stepping ~*~*~tactically~*~*~ (stealth).
  2053 | D:3      | Noticed a scorpion
  2064 | D:3      | Killed a scorpion
  2065 | D:3      | Reached skill level 5 in Axes
  2065 | D:3      | Gained mutation: Your magical nature lets you fly swiftly
                  | and evasively. [Tengu growth]
  2065 | D:3      | Reached XP level 5. HP: 27/30 MP: 9/9
  2181 | D:3      | 2181 ||| DROPPING +0 club.
  2237 | D:3      | Identified the +1 plate armour of Calculation {Rampage rF+
                  | rCorr}
  2506 | D:3      | Reached skill level 6 in Axes
  2851 | D:3      | 2851 ||| UPGRADING to +1 plate armour of Calculation
                  | {Rampage rF+ rCorr}.
  2861 | D:3      | 2861 ||| DROPPING +0 chain mail.
  2862 | D:3      | 2862 ||| READING scroll labelled CODDOD GUUC.
  2863 | D:3      | 2863 ||| READING scroll labelled CICUAG NEOSUALL.
  2864 | D:3      | 2864 ||| DRINKING 2 fizzy cyan potions.
  2864 | D:3      | Gained mutation: You occasionally lose the ability to read
                  | scrolls when taking damage. [potion of mutation]
  2864 | D:3      | Gained mutation: You sometimes lose your temper in combat.
                  | [potion of mutation]
  2864 | D:3      | Gained mutation: You are clumsy. (Dex -2) [potion of
                  | mutation]
  2864 | D:3      | Gained mutation: Your mind is acute. (Int +4, Str/Dex -1)
                  | [potion of mutation]
  2865 | D:3      | 2865 ||| DRINKING potion of mutation.
  2865 | D:3      | Lost mutation: Your mind is acute. (Int +4, Str/Dex -1)
                  | [potion of mutation]
  2865 | D:3      | Lost mutation: You are clumsy. (Dex -2) [potion of
                  | mutation]
  2865 | D:3      | Gained mutation: You have an increased reservoir of magic.
                  | (+10% MP) [potion of mutation]
  2866 | D:3      | 2866 ||| Stepping randomly (stuck).
  2867 | D:3      | 2867 ||| Stepping ~*~*~tactically~*~*~ (cloud).
  2874 | D:3      | HP: 7/30 [poisoned by you (poison gas)]
  3141 | D:4      | Noticed Sigmund
  3152 | D:4      | Killed Sigmund
  3153 | D:4      | Reached XP level 6. HP: 31/35 MP: 10/10
  3551 | D:4      | 3551 ||| Stepping ~*~*~tactically~*~*~ (hiding).
  3561 | D:4      | HP: 5/35 [gnoll/+0 halberd (6)]
  3563 | D:4      | HP: 1/35 [gnoll/+0 halberd (4)]
  3565 | D:4      | Mangled by a gnoll

Levels and vault maps discovered:
D:1:      kennysheep_arrival_forest, layout_rooms, basic_ecumenical_altar
D:2:      layout_basic, uniq_jessica
D:3:      layout_basic
D:4:      layout_loops_cross, minmay_temple_entry_gardened_gates, serial_glass,
          glass_columns_a, glass_columns_a, glass_columns_a, glass_columns_a,
          minmay_strange_pillars, feat_on_display, feat_on_display, uniq_sigmund

Skill      XL: |  1  2  3  4  5 |
---------------+----------------+-----
Axes           | 3 4 5 6 |  6.2
Armour         | 4 |  4.1
Fighting       | |  2.0
Throwing       | |  1.0
Dodging        | |  2.1
Spellcasting   | |  2.0
Translocations | |  2.4

Action                   |  1- 3 |  4- 6 || total
-------------------------+-------+-------++-------
Melee: Hand axe          |    55 |    81 ||   136
       Peck              |     8 |    14 ||    22
       Punch             |     1 |     1 ||     2
       Kick              |    14 |    23 ||    37
Throw: Boomerang         |     7 |       ||     7
  Use: Scroll            |     2 |     3 ||     5
       Potion            |     1 |     2 ||     3
Armor: Leather armour    |     1 |       ||     1
       Chain mail        |    22 |    31 ||    53
       Plate armour      |       |     9 ||     9
Dodge: Dodged            |    12 |    13 ||    25

Table legend:
 A = Non-vault XP
 B = Vault XP
 C = Vault XP percentage of total XP
 D = Non-vault monster count
 E = Vault monster count
 F = Vault count percentage of total count
                 A         B        C        D         E       F
            +---------+---------+-------+---------+---------+-------
      Total |     229 |     263 |  53.5 |      46 |       2 |   4.2
            +---------+---------+-------+---------+---------+-------
        D:1 |      14 |       0 |   0.0 |       8 |       0 |   0.0
        D:2 |      32 |      37 |  53.6 |      17 |       1 |   5.6
        D:3 |     155 |       0 |   0.0 |      13 |       0 |   0.0
        D:4 |      28 |     226 |  89.0 |       8 |       1 |  11.1
            +---------+---------+-------+---------+---------+-------
